 Dungeon Crawl Stone Soup version 0.28-a0-297-g99b01970c5 (webtiles) character file.

Game seed: 3428509627096608233

2338 Gargoyl the Skirmisher (level 9, -3/74 HPs)
             Began as a Gnoll Abyssal Knight on Aug 29, 2021.
             Was an Elder of Lugonu.
             Slain by an orc warrior (8 damage)
             ... on level 8 of the Dungeon.
             The game lasted 00:10:01 (7592 turns).

Gargoyl the Skirmisher (Gnoll Abyssal Knight)       Turns: 7592, Time: 00:10:02

Health: -3/74      AC: 16    Str: 16    XL:     9   Next: 43%
Magic:  13/13      EV:  8    Int: 11    God:    Lugonu [****..]
Gold:   404        SH:  4    Dex: 11    Spells: 16/16 levels left

rFire   + . .      SeeInvis .   a - +2 hand axe
rCold   . . .      Faith    .   n - +0 buckler
rNeg    . . .      Spirit   .   k - +0 chain mail
rPois   +          Reflect  .   (no helmet)
rElec   .          Harm     .   o - scarf {repulsion}
rCorr   .          Rampage  +   t - +2 pair of gloves of Good Intentions {Rampage *Corrode rF+ Slay+5}
Will    .....                   i - +2 pair of boots
Stlth   ..........              (no amulet)
HPRegen 0.22/turn               d - ring of poison resistance
MPRegen 0.13/turn               (no ring)

@: repel missiles
A: fangs 1, strong nose, distributed training, low mp 1, sense surroundings 1
a: Renounce Religion, Depart the Abyss, Bend Space, Banish, Corrupt


You were on level 8 of the Dungeon.
You worshipped Lugonu.
Lugonu was greatly pleased with you.
You visited 1 branch of the dungeon, and saw 8 of its levels.
You visited the Abyss 1 time.
You also visited: Ossuary.

You collected 404 gold pieces.

Inventory:

Hand Weapons
 a - a +2 hand axe (weapon)
 m - a +3 short sword of flaming
Missiles
 b - 4 javelins
 l - 17 poisoned darts (quivered)
Armour
 f - a +2 pair of gloves
 i - a +2 pair of boots (worn)
 k - a +0 chain mail (worn)
 n - a +0 buckler (worn)
 o - a scarf of repulsion (worn)
 t - the +2 pair of gloves of Good Intentions (worn) {Rampage *Corrode rF+ Slay+5}
   (You found it on level 6 of the Dungeon)

   Slay:      It affects your accuracy & damage with ranged weapons and melee
   (+5).
   rF:        It protects you from fire.
   *Corrode:  It may corrode you when you take damage.
   Rampage:   It bestows one free step when moving towards enemies.
Jewellery
 d - a ring of poison resistance (left hand)
 e - a +6 ring of intelligence
 p - a +6 ring of strength
Wands
 s - a wand of flame (15)
 v - a wand of iceblast (9)
Scrolls
 h - a scroll of magic mapping
 q - 2 scrolls of teleportation
 r - 3 scrolls of identify
 w - a scroll of enchant armour
Potions
 c - 10 potions of curing
 g - a potion of magic
 j - 3 potions of brilliance
 u - a potion of flight


   Skills:
 + Level 7.9 Fighting
 + Level 4.2 Short Blades
 + Level 4.2 Long Blades
 + Level 6.3 Axes
 + Level 4.2 Maces & Flails
 + Level 4.2 Polearms
 + Level 4.2 Staves
 + Level 4.2 Slings
 + Level 4.2 Bows
 + Level 4.2 Crossbows
 + Level 4.2 Throwing
 + Level 6.3 Armour
 + Level 5.0 Dodging
 + Level 4.2 Stealth
 + Level 4.2 Shields
 + Level 4.2 Unarmed Combat
 + Level 4.2 Spellcasting
 + Level 3.5 Conjurations
 + Level 3.5 Hexes
 + Level 3.5 Summonings
 + Level 3.5 Necromancy
 + Level 3.5 Translocations
 + Level 3.5 Transmutations
 + Level 3.5 Fire Magic
 + Level 3.5 Ice Magic
 + Level 3.5 Air Magic
 + Level 3.5 Earth Magic
 + Level 3.5 Poison Magic
 + Level 6.6 Invocations
 + Level 4.2 Evocations


You had 16 spell levels left.
You didn't know any spells.
Your spell library contained the following spells:

 Spells                   Type           Power      Damage    Failure   Level
 Magic Dart               Conj           40%        1d5       61%         1
 Call Imp                 Summ           10%        N/A       75%         2
 Slow                     Hex            10%        N/A       75%         2
 Confusing Touch          Hex            10%        N/A       93%         3
 Gell's Gravitas          Tloc           5%         N/A       93%         3
 Mephitic Cloud           Conj/Pois/Air  10%        N/A       93%         3
 Teleport Other           Tloc           10%        N/A       93%         3
 Vampiric Draining        Necr           5%         2d6       93%         3
 Dispersal                Tloc           5%         N/A       100%        6


Dungeon Overview and Level Annotations

Branches:
Dungeon (8/15)             Temple (0/1) D:6         Ossuary (visited)
   Lair: D:8-11

Altars:

Shops:
D:4 **


Innate Abilities, Weirdness & Mutations

You have very sharp teeth.
Your uncanny sense of smell can sniff out nearby items.
Your experience applies equally to all skills.
Your magical capacity is low. (-10% MP)
You passively map a small area around you.


Message History

Your bite misses the orc warrior.
The orc warrior is heavily wounded.
The orc warrior hits you but does no damage.
Unknown command.
You barely miss the orc warrior.
The orc warrior is heavily wounded.
You block the orc warrior's attack.
You closely miss the orc warrior.
The orc warrior is heavily wounded.
The orc warrior hits you but does no damage.
You feel better.
The orc warrior hits you with a +0 short sword.
* * * LOW HITPOINT WARNING * * *
You are confused.
You feel invigorated.
The orc warrior hits you but does no damage.
You closely miss the orc warrior.
The orc warrior is heavily wounded.
The orc warrior hits you with a +0 short sword.
You bump into the rock wall.
The orc warrior hits you with a +0 short sword.
You bump into the rock wall.
You feel less invigorated.
You feel less confused.
The orc warrior hits you but does no damage.
You hit the orc warrior but do no damage.
The orc warrior is moderately wounded.
The orc warrior hits you with a +0 short sword!
* * * LOW HITPOINT WARNING * * *
You hit the orc warrior but do no damage.
The orc warrior is moderately wounded.
The orc warrior hits you with a +0 short sword.
* * * LOW HITPOINT WARNING * * *
You hit the orc warrior but do no damage.
The orc warrior is moderately wounded.
The orc warrior hits you with a +0 short sword!
* * * LOW HITPOINT WARNING * * *
You slash the orc warrior! Your bite misses the orc warrior.
The orc warrior is severely wounded.
The orc warrior hits you with a +0 short sword!
You die...

, #.......... ,
#.....[....
###############.....##.
##...........######'###.
.....................#..
..$..................#..
.....................# ,
, ......)o.............#
, ,
......)@.............# ,
##...###...##.#..#...#
#. * #...########### ,,
,,, .....# , , , ,,
......# , , ,....>..# ,
........# '#####..##


You could see an orc warrior.

Vanquished Creatures
  A steam dragon (D:8)
  A water moccasin (D:7)
  2 black bears
  2 necrophages
  2 centaurs
  3 bullfrogs
  A scorpion (D:5)
  A water moccasin zombie (D:6)
  A water moccasin skeleton (D:5)
  2 howler monkeys (D:6)
  5 centaur zombies
  7 orc priests
  A bullfrog zombie (D:6)
  A centaur skeleton (D:6)
  4 hounds
  2 human zombies (Ossuary)
  An iguana (D:5)
  Terence (D:2)
  A gnoll shaman (D:7)
  6 orc wizards
  2 mummies (Ossuary)
  9 gnolls
  5 adders
  3 shadow imps
  A white imp (D:6)
  An adder zombie (Ossuary)
  3 adder skeletons (D:4)
  2 worms
  6 dart slugs
  21 orcs
  8 endoplasms
  3 giant cockroaches
  7 goblins
  6 hobgoblins
  9 kobolds
  A quokka (D:2)
  5 ball pythons
  8 bats
  4 frilled lizards
  A goblin zombie (Ossuary)
  4 hobgoblin zombies (Ossuary)
  A jackal skeleton (D:4)
  3 jackal zombies (Ossuary)
  13 kobold zombies (Ossuary)
  9 orc zombies (Ossuary)
  8 rats
  2 rat zombies (Ossuary)
190 creatures vanquished.

Notes
Turn   | Place    | Note
-------+----------+-------------------------------------------
     0 | Abyss:1  | Gargoyl the Gnoll Abyssal Knight began the quest for the
                  | Orb.
     0 | Abyss:1  | Reached XP level 1. HP: 23/23 MP: 3/3
    43 | Abyss:2  | Found a corrupted altar of Lugonu.
    97 | Abyss:2  | Noticed a thrashing horror
    97 | Abyss:2  | Noticed a raiju
   100 | D:1      | Escaped the Abyss
   413 | D:1      | Reached XP level 2. HP: 26/29 MP: 5/5
  1040 | D:1      | Reached * piety under Lugonu
  1103 | D:1      | Reached XP level 3. HP: 34/35 MP: 6/6
  1642 | D:2      | Noticed Terence
  1667 | D:2      | Killed Terence
  1668 | D:2      | Reached skill level 1 in Short Blades
  1668 | D:2      | Reached skill level 1 in Long Blades
  1668 | D:2      | Reached skill level 1 in Maces & Flails
  1668 | D:2      | Reached skill level 1 in Polearms
  1668 | D:2      | Reached skill level 1 in Staves
  1668 | D:2      | Reached skill level 1 in Slings
  1668 | D:2      | Reached skill level 1 in Bows
  1668 | D:2      | Reached skill level 1 in Crossbows
  1668 | D:2      | Reached skill level 1 in Throwing
  1668 | D:2      | Reached skill level 1 in Stealth
  1668 | D:2      | Reached skill level 1 in Shields
  1668 | D:2      | Reached skill level 1 in Unarmed Combat
  1668 | D:2      | Reached skill level 1 in Spellcasting
  1668 | D:2      | Reached skill level 1 in Evocations
  1668 | D:2      | Reached XP level 4. HP: 23/41 MP: 7/7
  2212 | D:2      | Reached skill level 1 in Conjurations
  2212 | D:2      | Reached skill level 1 in Hexes
  2212 | D:2      | Reached skill level 1 in Summonings
  2212 | D:2      | Reached skill level 1 in Necromancy
  2212 | D:2      | Reached skill level 1 in Translocations
  2212 | D:2      | Reached skill level 1 in Transmutations
  2212 | D:2      | Reached skill level 1 in Fire Magic
  2212 | D:2      | Reached skill level 1 in Ice Magic
  2212 | D:2      | Reached skill level 1 in Air Magic
  2212 | D:2      | Reached skill level 1 in Earth Magic
  2212 | D:2      | Reached skill level 1 in Poison Magic
  2505 | D:3      | Reached ** piety under Lugonu
  2643 | D:3      | Found a faded altar of an unknown god.
  3142 | D:4      | Identified the +0 leather armour of the Pit {+Blink rF+
                  | Dex+5}
  3174 | D:4      | Reached XP level 5. HP: 25/47 MP: 8/8
  3349 | D:4      | Reached skill level 5 in Invocations
  3440 | D:4      | Found Giwujuvi's Assorted Antiques.
  3512 | D:4      | Noticed a black bear
  3525 | D:4      | Killed a black bear
  3526 | D:4      | Reached skill level 5 in Axes
  3526 | D:4      | Reached skill level 5 in Armour
  3526 | D:4      | Reached XP level 6. HP: 29/53 MP: 9/9
  3677 | D:4      | Found Yjyssoob's Gadget Gallery.
  4163 | D:5      | Entered Level 5 of the Dungeon
  4244 | D:5      | Reached XP level 7. HP: 48/59 MP: 10/10
  4428 | D:5      | Found a sand-covered staircase.
  4443 | Ossuary  | Entered an ossuary
  4467 | Ossuary  | Reached skill level 7 in Fighting
  4480 | Ossuary  | Reached *** piety under Lugonu
  5370 | D:5      | Reached **** piety under Lugonu
  5375 | D:5      | Gained mutation: Your magical capacity is low. (-10% MP)
                  | [potion of mutation]
  5375 | D:5      | Gained mutation: You passively map a small area around you.
                  | [potion of mutation]
  5379 | D:5      | Reached XP level 8. HP: 34/67 MP: 11/11
  5988 | D:6      | Identified the +2 pair of gloves of Good Intentions
                  | {Rampage *Corrode rF+ Slay+5}
  6204 | D:6      | Found a staircase to the Ecumenical Temple.
  6830 | D:7      | Reached XP level 9. HP: 61/72 MP: 13/13
  7471 | D:8      | Reached skill level 5 in Dodging
  7592 | D:8      | Slain by an orc warrior

Illustrated notes

Levels and vault maps discovered:
D:1:      minmay_arrival_jagged, layout_basic, minmay_misc_feat_secret_circle,
          chequers_avenue
D:2:      minmay_wonky_spiral, layout_basic, uniq_terence
D:3:      layout_rooms, chequers_ecumenical_altar_simple_redux
D:4:      layout_basic, serial_shops, shop, nicolae_shop_gadgets
D:5:      layout_basic, nicolae_ossuary_entry_false_entrances, minmay_checkerbox
D:6:      layout_rooms, temple_doors_e, chequers_serial_rivers_large_a
D:7:      layout_basic, hex_large
D:8:      layout_gridville, uniq_joseph

Skill      XL: |  1  2  3  4  5  6  7  8  9 |
---------------+----------------------------+-----
Short Blades   | 1 2 3 4 |  4.2
Long Blades    | 1 2 3 4 |  4.2
Maces & Flails | 1 2 3 4 |  4.2
Polearms       | 1 2 3 4 |  4.2
Staves         | 1 2 3 4 |  4.2
Slings         | 1 2 3 4 |  4.2
Bows           | 1 2 3 4 |  4.2
Crossbows      | 1 2 3 4 |  4.2
Throwing       | 1 2 3 4 |  4.2
Stealth        | 1 2 3 4 |  4.2
Shields        | 1 2 3 4 |  4.2
Unarmed Combat | 1 2 3 4 |  4.2
Spellcasting   | 1 2 3 4 |  4.2
Evocations     | 1 2 3 4 |  4.2
Conjurations   | 1 2 3 |  3.5
Hexes          | 1 2 3 |  3.5
Summonings     | 1 2 3 |  3.5
Necromancy     | 1 2 3 |  3.5
Translocations | 1 2 3 |  3.5
Transmutations | 1 2 3 |  3.5
Fire Magic     | 1 2 3 |  3.5
Ice Magic      | 1 2 3 |  3.5
Air Magic      | 1 2 3 |  3.5
Earth Magic    | 1 2 3 |  3.5
Poison Magic   | 1 2 3 |  3.5
Dodging        | 3 4 5 |  5.0
Invocations    | 5 6 |  6.6
Axes           | 5 6 |  6.3
Armour         | 5 6 |  6.3
Fighting       | 7 |  7.9

Action                   |  1- 3 |  4- 6 |  7- 9 || total
-------------------------+-------+-------+-------++-------
Melee: Hand axe          |   114 |   188 |   351 ||   653
       Bite              |     6 |    17 |    35 ||    58
       Short sword       |       |       |    57 ||    57
Throw: Javelin           |       |       |     4 ||     4
       Dart              |       |       |     4 ||     4
Invok: Depart the Abyss  |     1 |       |       ||     1
  Use: Potion            |     2 |     1 |     8 ||    11
       Scroll            |     4 |    10 |     4 ||    18
 Stab: Sleeping          |     1 |       |       ||     1
Armor: Leather armour    |    40 |       |       ||    40
       Chain mail        |       |   150 |   346 ||   496
Dodge: Dodged            |    94 |    54 |   169 ||   317
Block: Buckler           |       |    22 |    90 ||   112

Table legend: (Time is in decaauts)
 A = Elapsed time spent in this place.
 B = Non-inter-level travel time spent in this place.
 C = Inter-level travel time spent in this place.
 D = Time resting spent in this place.
 E = Time spent auto-exploring this place.
 F = Levels seen in this place.
 G = Mean time per level.
                   A        B        C        D        E       F      G
               +--------+--------+--------+--------+--------+-----+--------+
         Total |   7619 |   7448 |    171 |    352 |   5257 |  11 |  692.6 |
       Dungeon |   6972 |   6801 |    171 |    169 |   5100 |   8 |  871.5 |
         Abyss |     99 |     99 |      0 |      0 |     77 |   2 |   49.5 |
       Ossuary |    547 |    547 |      0 |    183 |     79 |   1 |  547.0 |
               +--------+--------+--------+--------+--------+-----+--------+

Top non-repeatable levels by time:
     D:1: 1407 daAuts
     D:5: 1221 daAuts
     D:4: 1091 daAuts
     D:2: 929 daAuts
     D:6: 877 daAuts
     D:3: 656 daAuts
     D:7: 633 daAuts
 Ossuary: 547 daAuts
     D:8: 155 daAuts
 Abyss:2: 74 daAuts
 Abyss:1: 25 daAuts
